 Dungeon Crawl Stone Soup version 0.27-a0-808-g60bc5d92e6 (webtiles) character file.

Game seed: 16736270500047453382

396 rageheart7 the Skirmisher (level 6, -2/51 HPs)
             Began as a Demonspawn Monk on Mar 28, 2021.
             Killed from afar by Dowan (5 damage)
             ... with a puff of flame
             ... on level 4 of the Dungeon.
             The game lasted 00:06:01 (6335 turns).

rageheart7 the Skirmisher (Demonspawn Monk)         Turns: 6335, Time: 00:06:01

Health: -2/51      AC:  7    Str: 13    XL:     6   Next: 52%
Magic:  6/6        EV: 11    Int: 12    God:
Gold:   94         SH:  0    Dex: 15    Spells: 5/5 levels left

rFire    . . .     SeeInvis .     - Unarmed
rCold    . . .     Faith    .   (no shield)
rNeg     . . .     Spirit   .   h - +0 ring mail
rPois    .         Reflect  .   (helmet restricted)
rElec    .         Harm     .   o - +0 cloak
rCorr    .         Rampage  .   g - +0 pair of gloves
Will     .....                  (no boots)
Stlth    +.........             (no amulet)
HPRegen  0.17/turn              (no ring)
MPRegen  0.20/turn              (no ring)

@: coronaed, glowing
A: claws 1, horns 2, talons 1, magic regeneration
a: no special abilities


You were on level 4 of the Dungeon.
You visited 1 branch of the dungeon, and saw 4 of its levels.

You collected 94 gold pieces.

Inventory:

Hand Weapons
 a - a +0 mace
Armour
 g - a +0 pair of gloves (worn)
 h - a +0 ring mail (worn)
 o - a +0 cloak (worn)
Jewellery
 i - a ring of see invisible
Wands
 j - a wand of iceblast (8)
Scrolls
 b - 2 scrolls of teleportation {unknown}
 c - a scroll of immolation {unknown}
 d - a scroll of brand weapon {unknown}
 e - a scroll of blinking {unknown}
 f - 2 scrolls of amnesia {unknown}
 l - 2 scrolls of identify {unknown}
 m - a scroll of fog {unknown}
 n - a scroll of vulnerability {unknown}
 p - a scroll of magic mapping {unknown}
 q - a scroll of noise {unknown}
Potions
 k - a potion of attraction


   Skills:
 * Level 5.6 Fighting
 - Level 3.0 Maces & Flails
 - Level 2.6 Dodging
 - Level 1.7 Stealth
 * Level 4.0 Unarmed Combat


You had 5 spell levels left.
You didn't know any spells.
Your spell library was empty.

Dungeon Overview and Level Annotations

Branches:
Dungeon (4/15)
 Temple: D:4-7

Altars:
Gozag
Hepliaklqana
Qazlal
Ru
Yredelemnul

Annotations:
D:4 Dowan, Duvessa


Innate Abilities, Weirdness & Mutations

You have sharp fingernails.
You have a pair of horns on your head.
You have sharp toenails.
You regenerate magic rapidly.


Message History

You hit Dowan. You headbutt Dowan, but do no damage.
Dowan is heavily wounded.
Duvessa hits you with a +0 short sword. Dowan hits you but does no damage.
You barely miss Dowan. You claw Dowan, but do no damage.
Your headbutt misses Dowan.
Dowan is heavily wounded.
Duvessa barely misses you. Dowan barely misses you.
You closely miss Dowan.
Dowan is heavily wounded.
Duvessa hits you with a +0 short sword!
You hit Dowan. You claw Dowan, but do no damage. You headbutt Dowan.
Dowan is almost dead.
Dowan casts a spell at Duvessa.
Duvessa seems to speed up.
Duvessa hits you with a +0 short sword!
You hit Dowan. Your kick misses Dowan.
Dowan is almost dead.
Dowan gestures at you while chanting. You resist with some effort.
Duvessa hits you with a +0 short sword!
* * * LOW HITPOINT WARNING * * *
Your ring mail prevents you from hitting Dowan.
Dowan is almost dead.
Duvessa hits you with a +0 short sword!
* * * LOW HITPOINT WARNING * * *
Dowan points at you and mumbles some strange words.
You are outlined in light.
Okay, then.
Okay, then.
You hit Dowan but do no damage.
Dowan is almost dead.
Duvessa hits you with a +0 short sword.
* * * LOW HITPOINT WARNING * * *
Dowan hits you with a +0 dagger.
* * * LOW HITPOINT WARNING * * *
Unknown command.
You hit Dowan but do no damage.
Dowan is almost dead.
Duvessa completely misses you. Dowan gestures at you while chanting.
The puff of flame hits you.
You die...

......######'##
.........# #.#
..8.._.#.# #.#
.......#.###.##
_......#.##...##
.......#.#.....#
#......)..#...#########.
##..#.##..##.###........
...[....<.##.###@#
###.#....(.....ee#
#.#####.##.##### #.#
#.##.#### #.. ..##....#
### #####....#
###....#### ###
###.........########
..##
#..................#####


You could see Duvessa (fast) and Dowan.

Vanquished Creatures
  A necrophage (D:4)
  An orc priest (D:4)
  Jessica (D:2)
  An iguana (D:4)
  Natasha (D:2)
  Robin (D:2)
  A gnoll (D:1)
  7 adders
  3 dart slugs
  4 orcs
  7 endoplasms
  8 giant cockroaches
  21 goblins
  4 hobgoblins
  15 jackals
  12 kobolds
  2 quokkas
  8 ball pythons
  A bat (D:1)
  2 frilled lizards
  6 rats
107 creatures vanquished.

Notes
Turn   | Place    | Note
-------+----------+-------------------------------------------
     0 | D:1      | rageheart7 the Demonspawn Monk began the quest for the Orb.
     0 | D:1      | Reached XP level 1. HP: 18/18 MP: 1/1
   564 | D:1      | Gained mutation: You have sharp toenails. [demonic
                  | ancestry]
   564 | D:1      | Reached XP level 2. HP: 9/24 MP: 2/2
  1073 | D:1      | Reached skill level 1 in Unarmed Combat
  1185 | D:1      | Gained mutation: You have a pair of small horns on your
                  | head. [demonic ancestry]
  1185 | D:1      | Reached XP level 3. HP: 29/29 MP: 3/3
  1906 | D:2      | Noticed Robin
  1926 | D:2      | Reached skill level 4 in Fighting
  1935 | D:2      | Gained mutation: You have sharp fingernails. [demonic
                  | ancestry]
  1935 | D:2      | Reached XP level 4. HP: 27/37 MP: 4/4
  2631 | D:2      | Killed Robin
  3102 | D:2      | Noticed Jessica
  3125 | D:2      | Killed Jessica
  3126 | D:2      | Gained mutation: You regenerate magic rapidly. [demonic
                  | ancestry]
  3126 | D:2      | Reached XP level 5. HP: 21/43 MP: 5/5
  3556 | D:2      | Found a stormy altar of Qazlal.
  3567 | D:2      | Noticed Natasha
  3575 | D:2      | Killed Natasha
  4137 | D:3      | Reached skill level 5 in Fighting
  4534 | D:3      | Found a hazy altar of Hepliaklqana.
  4564 | D:4      | Found a sacrificial altar of Ru.
  4568 | D:4      | Found an opulent altar of Gozag.
  4568 | D:4      | Found a basalt altar of Yredelemnul.
  4845 | D:4      | Gained mutation: You have a pair of horns on your head.
                  | [demonic ancestry]
  4845 | D:4      | Reached XP level 6. HP: 29/51 MP: 6/6
  5486 | D:4      | Noticed Dowan
  5487 | D:4      | Noticed Duvessa
  6335 | D:4      | Killed from afar by Dowan

Illustrated notes

Levels and vault maps discovered:
D:1:      dpeg_arrival_oval, layout_loops_ring, hangedman_decor_clover_reticule
D:2:      layout_loops_ring, nicolae_qazlal_general_emergency, uniq_robin,
          uniq_natasha, uniq_jessica
D:3:      layout_basic, nzn_hepliaklqana_mist_gate
D:4:      layout_loops_corners, grunt_temple_overflow_open, uniq_duvessa

Skill      XL: |  1  2  3  4  5  6 |
---------------+-------------------+-----
Maces & Flails | 3 |  3.0
Unarmed Combat | 1 2 3 4 |  4.0
Fighting       | 4 5 |  5.6
Dodging        | |  2.6
Stealth        | |  1.7

Action                   |  1- 3 |  4- 6 || total
-------------------------+-------+-------++-------
Melee: Mace              |   115 |     2 ||   117
       Kick              |    23 |    78 ||   101
       Headbutt          |     7 |    35 ||    42
       Unarmed           |       |   225 ||   225
  Use: Potion            |     2 |     1 ||     3
 Stab: Sleeping          |     3 |     2 ||     5
Armor: Robe              |    14 |     7 ||    21
       Skin              |    11 |     1 ||    12
       Ring mail         |       |    64 ||    64
Dodge: Dodged            |    90 |   119 ||   209

Table legend: (Time is in decaauts)
 A = Elapsed time spent in this place.
 B = Non-inter-level travel time spent in this place.
 C = Inter-level travel time spent in this place.
 D = Time resting spent in this place.
 E = Time spent auto-exploring this place.
 F = Levels seen in this place.
 G = Mean time per level.
                   A        B        C        D        E       F      G
               +--------+--------+--------+--------+--------+-----+--------+
         Total |   6369 |   6183 |    186 |    551 |   4723 |   4 | 1592.2 |
       Dungeon |   6369 |   6183 |    186 |    551 |   4723 |   4 | 1592.2 |
               +--------+--------+--------+--------+--------+-----+--------+

Top non-repeatable levels by time:
     D:1: 2513 daAuts
     D:2: 1347 daAuts
     D:3: 1344 daAuts
     D:4: 1163 daAuts
